 Dungeon Crawl Stone Soup version 0.31.0-12-g77e489cdc1 (webtiles) character file.

Game seed: 12498564635376151977

83 Heoruswealwe the Changeling (level 4, 0/33 HPs)
             Began as a Merfolk Shapeshifter on Feb 15, 2024.
             Slain by Robin
             ... wielding a +2 falchion of flaming
              (7 damage)
             ... on level 2 of the Dungeon.
             The game lasted 00:11:31 (822 turns).

Heoruswealwe the Changeling (Merfolk Shapeshifter)   Turns: 822, Time: 00:11:32

Health: 0/33       AC:  2    Str: 16    XL:     4   Next: 44%
Magic:  4/4        EV: 13    Int:  9    God:
Gold:   64         SH:  0    Dex: 13    Spells: 3/3 levels left

rFire   . .          .
                       - Unarmed
rCold   . . .        (no shield)
rNeg    . . .        a - +0 animal skin
rPois   .            (helmet currently unavailable)
rElec   .            (cloak currently unavailable)
rCorr   .            (gloves currently unavailable)
SInv    +            (boots currently unavailable)
Will    .....        (no amulet)
Stlth   +            k - ring of see invisible
HPRegen 0.25/turn    (no ring)
MPRegen 0.09/turn

%: no passive effects
@: beast-form
A: beast (slay +2), (nimble swimmer 2), mertail
a: Begin Untransformation


You were on level 2 of the Dungeon.
You were a hulking beast.
You visited 1 branch of the dungeon, and saw 2 of its levels.

You collected 64 gold pieces.

Inventory:

Armour
 a - a +0 animal skin (worn)
Jewellery
 k - a ring of see invisible (left hand)
Talismans
 c - a beast talisman (active)
 d - a flux talisman
 g - a maw talisman
Scrolls
 e - a scroll of teleportation {unknown}
 h - 2 scrolls of identify {unknown}
 i - a scroll of poison {unknown}
Potions
 b - a potion of lignification
 f - a potion of degeneration {unknown}
 j - a potion of enlightenment {unknown}


   Skills:
 + Level 2.3 Fighting
 + Level 3.8 Dodging
 + Level 4.0 Unarmed Combat
 + Level 4.7 Shapeshifting


You had 3 spell levels left.
You didn't know any spells.
Your spell library contained the following spells:

 Spells                   Type           Power      Damage    Failure   Level
 Call Canine Familiar     Summ           0%         N/A       77%         3
 Sigil of Binding         Hex            0%         N/A       77%         3
 Dimensional Bullseye     Hex/Tloc       0%         N/A       99%         4


Dungeon Overview and Level Annotations

Branches:
Dungeon (2/15)

Altars:

Annotations:
D:2 Robin


Innate Abilities, Weirdness & Mutations

You are a hulking beast.
Your limbs bulge with bestial killing power. (Slay +2)
((You are very nimble when in or above water. (Stealth+, EV+, Speed+++)))
Your lower body shifts to a powerful aquatic tail in water.


Message History

The goblin shoots a sling bullet.
The sling bullet barely misses you.
Things that are here:
a +0 dagger; a +0 club Robin throws the goblin at you!
A hobgoblin comes into view.
The goblin hits you with a +0 club.
* * * LOW HITPOINT WARNING * * *
The goblin unwields a +0 sling.
The goblin wields a +0 dagger.
The goblin closely misses you.
Things that are here:
a +0 dagger; a +0 club You punch the goblin!
You kill the goblin!
Robin roars a battlecry!
The goblins go into a battle-frenzy!
The goblin hits you but does no damage.
Your Unarmed Combat skill increases to level 4!
You hit the goblin.
You kill the goblin!
You punch the goblin!
You kill the goblin!
You punch Robin!
Robin is moderately wounded.
Robin misses you.
You hit Robin but do no damage.
Robin is moderately wounded.
Robin says, "Kneel, worm!"
Robin barely misses you.
You hit Robin.
Robin is heavily wounded.
Robin barely misses you.
You hit Robin.
Robin is severely wounded.
You completely miss Robin.
Robin is severely wounded.
You hit the hobgoblin.
The hobgoblin is moderately wounded.
Robin hits you with a +2 falchion of flaming!
You die...
Robin says, "And that's why I'm the boss."

##...## #.##.#
##.....###.##.##
..........##..# .....
#..###.# . ####... #..#
#.##### ... ...#.# #..#
#......
....####.#.####..###.#####
#......).†......)...#
..#..?gh.####.######
#.##g### ##.## # #)#
#...######### #.#
#............ #<#
#...######### #.# #####
g.g.g...# ##g######


You could see Robin and a hobgoblin (strong).

Vanquished Creatures
  Terence (D:2)
  2 dart slugs (D:1)
  4 ball pythons
  2 endoplasms (D:1)
  2 giant cockroaches (D:1)
  11 hobgoblins
  4 jackals (D:1)
  5 kobolds
  A quokka (D:1)
  3 bats
  8 goblins
  2 rats
45 creatures vanquished.

Vanquished Creatures (others)
  A goblin (D:2)
1 creature vanquished.

Grand Total: 46 creatures vanquished

Notes
Turn   | Place    | Note
-------+----------+-------------------------------------------
     0 | D:1      | Heoruswealwe the Merfolk Shapeshifter began the quest for
                  | the Orb.
     0 | D:1      | Reached XP level 1. HP: 15/15 MP: 1/1
    82 | D:1      | Reached XP level 2. HP: 21/21 MP: 2/2
   265 | D:1      | Reached XP level 3. HP: 27/27 MP: 3/3
   314 | D:1      | Found a faded altar of an unknown god.
   590 | D:2      | Noticed Terence
   606 | D:2      | Killed Terence
   607 | D:2      | Reached XP level 4. HP: 18/33 MP: 4/4
   790 | D:2      | Noticed Robin
   822 | D:2      | Slain by Robin

Illustrated notes

Levels and vault maps discovered:
D:1:      heliophobic_arrival_battle_scene, layout_rooms,
          hellmonk_ecumenical_altar_blasted
D:2:      layout_loops_ring, uniq_terence, uniq_robin

Skill      XL: |  1  2  3  4 |
---------------+-------------+-----
Dodging        | 3 |  3.8
Fighting       | 2 |  2.3
Unarmed Combat | 4 |  4.0
Shapeshifting  | |  4.7

Action                     |  1- 3 |  4- 6 || total
---------------------------+-------+-------++-------
  Melee: Unarmed           |    92 |    29 ||   121
         Punch             |     3 |       ||     3
Ability: Begin Untransform |     1 |       ||     1
 Armour: Animal skin       |    34 |    26 ||    60
  Dodge: Dodged            |    51 |    30 ||    81
   Form: Beast             |     1 |       ||     1
